 Dungeon Crawl Stone Soup version 0.28-a0-1594-ga885d4b3d6 (webtiles) character file.

Game seed: 8264804806931482359

86 parzival7114810 the Chopper (level 4, -6/41 HPs)
             Began as a Hill Orc Monk on Jan 20, 2022.
             Shot with an arrow by a centaur (7 damage)
             ... on level 3 of the Dungeon.
             The game lasted 00:05:03 (2779 turns).

parzival7114810 the Chopper (Hill Orc Monk)         Turns: 2779, Time: 00:05:04

Health: -6/41      AC:  5    Str: 15    XL:     4   Next: 50%
Magic:  4/4        EV: 11    Int: 10    God:
Gold:   59         SH:  0    Dex: 13    Spells: 3/3 levels left

rFire   . . .      SeeInvis .   a - +0 hand axe
rCold   . . .      Faith    .   (no shield)
rNeg    . . .      Spirit   .   e - +0 ring mail
rPois   +          Reflect  .   (no helmet)
rElec   .          Harm     .   (no cloak)
rCorr   .          Rampage  .   (no gloves)
Will    +....                   (no boots)
Stlth   +.........              (no amulet)
HPRegen 0.13/turn               f - ring of willpower
MPRegen 0.09/turn               g - ring of poison resistance

@: no status effects
A: no striking features
a: no special abilities


You were on level 3 of the Dungeon.
You visited 1 branch of the dungeon, and saw 3 of its levels.

You collected 59 gold pieces.

Inventory:

Hand Weapons
 a - a +0 hand axe (weapon)
 m - the +4 dagger "Jellybane" {vorpal, rC+}
   (You found it on level 2 of the Dungeon)

   It inflicts extra damage upon your enemies.
   rC:        It protects you from cold.
Missiles
 i - 51 stones (quivered)
 n - 14 sling bullets
Armour
 b - a +0 robe
 e - a +0 ring mail (worn)
Jewellery
 c - a ring of fire
 f - a ring of willpower (left hand)
 g - a ring of poison resistance (right hand)
Potions
 h - a potion of ambrosia
 k - a potion of brilliance {unknown}
 l - a potion of invisibility


   Skills:
 + Level 4.3 Fighting
 + Level 5.2 Axes
 + Level 1.0 Armour
 + Level 2.9 Dodging
 + Level 2.0 Stealth


You had 3 spell levels left.
You didn't know any spells.
Your spell library was empty.

Dungeon Overview and Level Annotations

Branches:
Dungeon (3/15)

Altars:
Ashenzari

Shops:
D:1 [


Message History

Found 14 sling bullets.
The dart slug launches a dart at you.
The slug dart hits you but does no damage.
The dart slug launches a dart at you. The slug dart hits you.
The dart slug bites you.
You slash the dart slug!
The dart slug is almost dead.
You hit the dart slug.
The dart slug is almost dead.
The dart slug barely misses you.
You hit the dart slug.
You kill the dart slug!
You see here 14 sling bullets.
n - 14 sling bullets A centaur comes into view.
You see here a scroll labelled UTSUTZO NOZO.
The centaur wields a +0 shortbow.
The centaur shoots an arrow.
The arrow hits you!
The centaur shoots an arrow.
The arrow completely misses you.
You see here a scroll labelled UTSUTZO NOZO.
The centaur shoots an arrow.
The arrow hits you.
You see here a scroll labelled UTSUTZO NOZO.
o - a scroll labelled UTSUTZO NOZO The centaur shoots an arrow.
The arrow hits you.
As you read the scroll labelled WOGADO HUBIA, it crumbles to dust.
You feel aware of your surroundings.
You sensed 1 altar.
It was a scroll of magic mapping.
The centaur shoots an arrow.
The arrow hits you!
The centaur shoots an arrow.
The arrow hits you.
* * * LOW HITPOINT WARNING * * *
As you read the scroll labelled ORITSI CEUL, it crumbles to dust.
You hear a loud clanging noise!
It was a scroll of noise.
You hear a shout! x2; You hear an angry hiss.
You hear a shout!
The centaur shoots an arrow.
The arrow hits you!
* * * LOW HITPOINT WARNING * * *
As you read the scroll labelled UTSUTZO NOZO, it crumbles to dust.
The creatures around you are filled with an inner flame!
It was a scroll of immolation.
The centaur shoots an arrow.
The arrow hits you!
You die...

#............#
*,,,*
########.#####
*,,,* #.#
****,,,**** #.#
*,,,,,,,,,, #.#
*,,,,,,,,,, #.#
*,,,,,,,,,, #.#
*,,,,,,,,,, #.#
*,,,,,*****
#@######.,,,,*
#........,,,,*****
#..c.....,,,,,,,,,
#.......#**,,,,,,,
#........,,,,,,,,,
##......#*********
*#######


You could see a centaur (inner flame).

Vanquished Creatures
  3 adders (D:2)
  A worm (D:2)
  4 dart slugs
  3 ball pythons
  4 endoplasms
  5 giant cockroaches
  4 goblins
  4 hobgoblins
  4 jackals (D:1)
  5 bats
  5 kobolds
  5 rats
47 creatures vanquished.

Vanquished Creatures (others)
  4 fungi (D:3)
  A plant (D:3)
5 creatures vanquished.

Grand Total: 52 creatures vanquished

Notes
Turn   | Place    | Note
-------+----------+-------------------------------------------
     0 | D:1      | parzival7114810 the Hill Orc Monk began the quest for the
                  | Orb.
     0 | D:1      | Reached XP level 1. HP: 19/19 MP: 1/1
   126 | D:1      | Found Belihexky's Armour Emporium.
   203 | D:1      | Reached XP level 2. HP: 12/27 MP: 2/2
   898 | D:1      | Reached XP level 3. HP: 28/33 MP: 3/3
  1441 | D:2      | Reached skill level 5 in Axes
  1574 | D:2      | Found a broken altar of Ashenzari.
  1625 | D:2      | Reached XP level 4. HP: 30/41 MP: 4/4
  2447 | D:2      | Reached skill level 1 in Armour
  2652 | D:2      | Identified the +4 dagger "Jellybane" {vorpal, rC+}
  2771 | D:3      | Noticed a centaur
  2778 | D:3      | HP: 1/41 [centaur/arrow (9)]
  2779 | D:3      | Shot with an arrow by a centaur

Illustrated notes

Levels and vault maps discovered:
D:1:      wander_arrival_fairy_ring, layout_basic, serial_shops, shop
D:2:      layout_basic, basic_altar, minmay_misc_feat_tower
D:3:      layout_basic, dreamdust_ecumenical_altar_grove,
          wander_ebering_terrifying_dragon_lair

Skill      XL: |  1  2  3  4 |
---------------+-------------+-----
Fighting       | 4 |  4.3
Axes           | 5 |  5.2
Stealth        | 2 |  2.0
Armour         | 1 |  1.0
Dodging        | |  2.9

Action                   |  1- 3 |  4- 6 || total
-------------------------+-------+-------++-------
Melee: Hand axe          |   122 |    43 ||   165
       Punch             |     5 |       ||     5
  Use: Scroll            |     1 |     4 ||     5
       Potion            |     1 |     1 ||     2
Armor: Robe              |    12 |       ||    12
       Ring mail         |    54 |    19 ||    73
Dodge: Dodged            |   114 |    37 ||   151

Table legend: (Time is in decaauts)
 A = Elapsed time spent in this place.
 B = Non-inter-level travel time spent in this place.
 C = Inter-level travel time spent in this place.
 D = Time resting spent in this place.
 E = Time spent auto-exploring this place.
 F = Levels seen in this place.
 G = Mean time per level.
                   A        B        C        D        E       F      G
               +--------+--------+--------+--------+--------+-----+--------+
         Total |   2786 |   2681 |    105 |    565 |   1586 |   3 |  928.7 |
       Dungeon |   2786 |   2681 |    105 |    565 |   1586 |   3 |  928.7 |
               +--------+--------+--------+--------+--------+-----+--------+

Top non-repeatable levels by time:
     D:1: 1391 daAuts
     D:2: 1276 daAuts
     D:3: 118 daAuts
